[Event "FIDE WYCC Open U18 2023"]
[Site "Montesilvano"]
[Date "2023.11.22"]
[Round "9.31"]
[White "Marakovits, Nico"]
[Black "Hommadov, Amanmuhammet"]
[Result "1/2-1/2"]
[ECO "E97"]
[WhiteElo "2324"]
[BlackElo "2055"]
[Annotator "RC"]
[PlyCount "111"]
[EventDate "2023.11.13"]
[EventType "swiss"]
[EventCountry "ITA"]
[SourceTitle "playchess.com"]
[Source "ChessBase"]
[SourceQuality "1"]
[TimeControl "40/5400+30:1800+30"]

1. d4 Nf6 2. c4 g6 3. Nc3 Bg7 4. e4 d6 5. Be2 O-O 6. Nf3 e5 7. O-O Nc6 8. d5 Ne7 9. b4 a5 10. bxa5 Rxa5 11. Nd2 b6 12. Nb3 Ra8 13. a4 Ne8 14. Be3 f5 15. f3 Kh8 16. a5 bxa5 17. Nxa5 Ng8 18. Nc6 Rxa1 19. Qxa1 Qh4 20. Qa7 Bh6 21. exf5 Bxf5 22. Nb5 Ngf6 23. Bf2 Qg5 24. h4 Qd2 25. Re1 Bd3 26. Qa5 e4 27. fxe4 Qf4 28. Qc3 Bxe4 29. Bg3 Qe3+ 30. Qxe3 Bxe3+ 31. Kh2 Bb6 32. Nc3 Ng7 33. Rf1 Bf5 34. Bf2 Ng4+ 35. Bxg4 Bxg4 36. Kg1 Rxf2 37. Rxf2 Bf5 38. Nb5 Be3 39. Nxc7 Bd3 40. g4 Bxc4 41. Kg2 Bxf2 42. Kxf2 h5 43. Na5 Ba2 44. Nb7 g5 45. Nxd6 hxg4 46. hxg5 Nh5 47. Nb7 g3+ 48. Kf3 g2 49. Kf2 Nf4 50. d6 Nh3+ 51. Kxg2 Nxg5 52. Nd8 Bb3 53. Nc6 Ba4 54. Ne5 Ne4 55. d7 Bxd7 56. Nxd7 1/2-1/2

[Event "FIDE WYCC Open U18 2023"]
[Site "Montesilvano"]
[Date "2023.11.22"]
[Round "9.32"]
[White "Bicer, Atakan Mert"]
[Black "Prisacaru, Stefan-Emilian"]
[Result "1-0"]
[ECO "A12"]
[WhiteElo "2318"]
[BlackElo "2148"]
[Annotator "RC"]
[PlyCount "91"]
[EventDate "2023.11.13"]
[EventType "swiss"]
[EventCountry "ITA"]
[SourceTitle "playchess.com"]
[Source "ChessBase"]
[SourceQuality "1"]
[TimeControl "40/5400+30:1800+30"]

1. c4 c6 2. Nf3 d5 3. b3 Nf6 4. Bb2 Bf5 5. d3 e6 6. Nbd2 h6 7. g3 Bc5 8. Bg2 O-O 9. O-O Nbd7 10. Qc2 Bh7 11. a3 a5 12. Qc3 Qe7 13. e4 dxe4 14. Nxe4 Bxe4 15. dxe4 e5 16. Nh4 Qe6 17. Rad1 Rfd8 18. Nf5 Bf8 19. f3 g6 20. Ne3 b6 21. f4 Bg7 22. b4 axb4 23. axb4 Qe7 24. Rde1 Ra4 25. Nc2 Ne8 26. Qb3 Raa8 27. f5 Kh7 28. fxg6+ fxg6 29. g4 Nd6 30. Bc1 Qe6 31. g5 h5 32. Ne3 b5 33. Qc2 Nxc4 34. Nf5 Rf8 35. Bh3 Kh8 36. Qe2 Qe8 37. Rd1 Rd8 38. Rf3 Ndb6 39. Rdf1 Nd7 40. Qf2 gxf5 41. Bxf5 Nd6 42. Qe2 Nxf5 43. exf5 e4 44. Rh3 Ne5 45. Kh1 Nf3 46. f6 1-0

[Event "FIDE WYCC Open U18 2023"]
[Site "Montesilvano"]
[Date "2023.11.23"]
[Round "10.1"]
[White "Domalchuk-Jonasson, Aleksandr"]
[Black "Juhasz, Agoston"]
[Result "1/2-1/2"]
[ECO "A20"]
[WhiteElo "2403"]
[BlackElo "2401"]
[Annotator "RC"]
[PlyCount "134"]
[EventDate "2023.11.13"]
[EventType "swiss"]
[EventCountry "ITA"]
[SourceTitle "playchess.com"]
[Source "ChessBase"]
[SourceQuality "1"]
[TimeControl "40/5400+30:1800+30"]

1. c4 e5 2. g3 Nf6 3. Bg2 c6 4. Nf3 e4 5. Nd4 d5 6. cxd5 Qxd5 7. e3 Qe5 8. Nc3 Bb4 9. Qc2 Bxc3 10. Qxc3 Na6 11. b4 Nd5 12. Qc2 Ndxb4 13. Qxe4 Qxe4 14. Bxe4 Nc5 15. Bg2 Ne6 16. Nxe6 Bxe6 17. Be4 Bxa2 18. d4 Bd5 19. Bxd5 Nxd5 20. e4 Nc3 21. f3 Nb5 22. Be3 O-O-O 23. Ra4 Rd7 24. Kf2 Rhd8 25. Rc1 Kb8 26. Rcc4 f5 27. exf5 Nd6 28. Rc5 b6 29. Rxc6 Nxf5 30. Bg5 Kb7 31. Rcc4 Re8 32. g4 Ne7 33. Ra2 Nd5 34. h4 Rc7 35. Rxc7+ Nxc7 36. Bf4 Nd5 37. Be5 g6 38. f4 a5 39. Kf3 Ra8 40. Ra1 b5 41. Ke4 Nc3+ 42. Kd3 Nd5 43. f5 gxf5 44. gxf5 a4 45. f6 Rf8 46. Rf1 a3 47. Ke4 Nc3+ 48. Kf5 a2 49. Bd6 Rxf6+ 50. Kxf6 Nb1 51. Ke6 a1=Q 52. d5 Qd4 53. Rf4 Qe3+ 54. Be5 Nd2 55. d6 Nc4 56. Rxc4 bxc4 57. d7 Qh3+ 58. Ke7 Qxh4+ 59. Bf6 Qe1+ 60. Kf7 Qd2 61. d8=Q Qxd8 62. Bxd8 c3 63. Bg5 c2 64. Bh6 Kc6 65. Kg7 Kd5 66. Kxh7 c1=B 67. Bxc1 Ke5 1/2-1/2

[Event "FIDE WYCC Open U18 2023"]
[Site "Montesilvano"]
[Date "2023.11.23"]
[Round "10.2"]
[White "Mayank Chakraborty"]
[Black "Bacojo, Mark Jay"]
[Result "1-0"]
[ECO "E69"]
[WhiteElo "2368"]
[BlackElo "2335"]
[Annotator "RC"]
[PlyCount "83"]
[EventDate "2023.11.13"]
[EventType "swiss"]
[EventCountry "ITA"]
[SourceTitle "playchess.com"]
[Source "ChessBase"]
[SourceQuality "1"]
[TimeControl "40/5400+30:1800+30"]

1. d4 Nf6 2. c4 g6 3. g3 Bg7 4. Bg2 O-O 5. Nc3 d6 6. Nf3 Nbd7 7. O-O e5 8. e4 c6 9. h3 Qc7 10. Be3 a5 11. d5 cxd5 12. cxd5 Nc5 13. Nd2 Bd7 14. Qe2 Rfc8 15. Rfc1 b5 16. Nxb5 Bxb5 17. Qxb5 Rab8 18. Qf1 Rxb2 19. Bxc5 dxc5 20. Nc4 Rbb8 21. d6 Qc6 22. Qd3 Rd8 23. Rab1 Nd7 24. h4 Bf8 25. Bh3 Nf6 26. Rxb8 Rxb8 27. d7 Rd8 28. Nxe5 Qc7 29. f4 Bd6 30. Nc4 Bxf4 31. gxf4 Qxf4 32. Rf1 Qxh4 33. Qf3 Kg7 34. Qxf6+ Qxf6 35. Rxf6 Kxf6 36. Nxa5 Ra8 37. Nc6 c4 38. Kf1 h5 39. e5+ Kg7 40. d8=Q Rb8 41. Qc8 Rxc8 42. Nd8 1-0

[Event "FIDE WYCC Open U18 2023"]
[Site "Montesilvano"]
[Date "2023.11.23"]
[Round "10.3"]
[White "Popov, Konstantin"]
[Black "Czernek, Tymon"]
[Result "1-0"]
[ECO "B95"]
[WhiteElo "2345"]
[BlackElo "2329"]
[Annotator "RC"]
[PlyCount "69"]
[EventDate "2023.11.13"]
[EventType "swiss"]
[EventCountry "ITA"]
[SourceTitle "playchess.com"]
[Source "ChessBase"]
[SourceQuality "1"]
[TimeControl "40/5400+30:1800+30"]

1. e4 c5 2. Nf3 d6 3. d4 cxd4 4. Nxd4 Nf6 5. Nc3 a6 6. Bg5 Nbd7 7. f3 e6 8. Qd2 Be7 9. O-O-O O-O 10. g4 Qc7 11. Be3 b5 12. a3 Nb6 13. g5 Nfd7 14. f4 Re8 15. h4 Bb7 16. g6 hxg6 17. h5 Nf8 18. hxg6 fxg6 19. Nf3 Kf7 20. Ng5+ Bxg5 21. fxg5 Nbd7 22. Bxb5 axb5 23. Nxb5 Qc6 24. Nxd6+ Ke7 25. Qb4 Ra4 26. Qxb7 Qxb7 27. Nxb7 Rc8 28. Bd2 Rc7 29. Na5 Rxe4 30. Bb4+ Kf7 31. Rh8 e5 32. Bd6 Rc8 33. Bxf8 Nxf8 34. Nb7 Ke7 35. Nd6 1-0

[Event "FIDE WYCC Open U18 2023"]
[Site "Montesilvano"]
[Date "2023.11.23"]
[Round "10.4"]
[White "Cesar Maestre, Bernardo"]
[Black "Ohanyan, Emin"]
[Result "1/2-1/2"]
[ECO "C54"]
[WhiteElo "2373"]
[BlackElo "2466"]
[Annotator "RC"]
[PlyCount "84"]
[EventDate "2023.11.13"]
[EventType "swiss"]
[EventCountry "ITA"]
[SourceTitle "playchess.com"]
[Source "ChessBase"]
[SourceQuality "1"]
[TimeControl "40/5400+30:1800+30"]

1. e4 e5 2. Nf3 Nc6 3. Bc4 Nf6 4. d3 Bc5 5. c3 O-O 6. Bg5 h6 7. Bh4 d6 8. Nbd2 g5 9. Bg3 Bb6 10. O-O Kg7 11. Bb3 g4 12. Nh4 Nh5 13. Nc4 Qg5 14. d4 f6 15. a4 exd4 16. Nxb6 axb6 17. cxd4 Nxg3 18. hxg3 Ne7 19. f4 gxf3 20. Qxf3 Bg4 21. Qc3 c5 22. Kh2 Nc6 23. dxc5 bxc5 24. Nf5+ Bxf5 25. Rxf5 Qg6 26. Bd1 h5 27. Rd5 Rad8 28. Bf3 Rh8 29. Rad1 Nd4 30. b4 h4 31. g4 b6 32. a5 h3 33. g3 bxa5 34. bxc5 dxc5 35. Rxc5 Nxf3+ 36. Qxf3 Rxd1 37. Qxd1 Qxe4 38. Qd7+ Kh6 39. Qd2+ Kg6 40. Rxa5 Rc8 41. Ra2 Qxg4 42. Qd3+ Qf5 1/2-1/2

[Event "FIDE WYCC Open U18 2023"]
[Site "Montesilvano"]
[Date "2023.11.23"]
[Round "10.5"]
[White "Olsson, William"]
[Black "Arfan, Aditya Bagus"]
[Result "1-0"]
[ECO "D10"]
[WhiteElo "2372"]
[BlackElo "2415"]
[Annotator "RC"]
[PlyCount "119"]
[EventDate "2023.11.13"]
[EventType "swiss"]
[EventCountry "ITA"]
[SourceTitle "playchess.com"]
[Source "ChessBase"]
[SourceQuality "1"]
[TimeControl "40/5400+30:1800+30"]

1. d4 Nf6 2. c4 c6 3. Nc3 d5 4. e3 a6 5. Qb3 e6 6. a4 c5 7. Nf3 Nc6 8. cxd5 exd5 9. Be2 Bf5 10. O-O c4 11. Qd1 Na5 12. Ne5 Nb3 13. Ra2 Bb4 14. g4 Bxc3 15. bxc3 Nxc1 16. Qxc1 Nxg4 17. Bxg4 Bxg4 18. Nxg4 Qg5 19. f3 h5 20. Rg2 hxg4 21. Rxg4 Qh6 22. Rg2 Qc6 23. e4 O-O-O 24. Qf4 Rde8 25. e5 f6 26. Re1 fxe5 27. dxe5 Qc5+ 28. Kh1 Rhf8 29. Qg4+ Kb8 30. e6 Qd6 31. Qxg7 Rxf3 32. e7 Qf6 33. Qxf6 Rxf6 34. Rg5 Rd6 35. Rf5 Kc7 36. Kg2 Kd7 37. Rfe5 b5 38. axb5 axb5 39. Kf3 Rf6+ 40. Kg4 Kd6 41. h4 b4 42. cxb4 c3 43. R5e3 d4 44. Rd1 Kc7 45. Rxd4 Rc6 46. Rd1 c2 47. Rc1 Kd7 48. Re2 Rxe7 49. Rcxc2 Rxc2 50. Rxc2 Re4+ 51. Kg5 Rxb4 52. Re2 Rb5+ 53. Kg6 Rb6+ 54. Kf7 Rh6 55. Rd2+ Kc6 56. Rh2 Kd6 57. h5 Ke5 58. Kg7 Ra6 59. h6 Ra7+ 60. Kg6 1-0

[Event "FIDE WYCC Open U18 2023"]
[Site "Montesilvano"]
[Date "2023.11.23"]
[Round "10.6"]
[White "Wong, Zhenyong Jayden"]
[Black "Lamaze, Simon"]
[Result "1-0"]
[ECO "E04"]
[WhiteElo "2356"]
[BlackElo "2415"]
[Annotator "RC"]
[PlyCount "71"]
[EventDate "2023.11.13"]
[EventType "swiss"]
[EventCountry "ITA"]
[SourceTitle "playchess.com"]
[Source "ChessBase"]
[SourceQuality "1"]
[TimeControl "40/5400+30:1800+30"]

1. d4 d5 2. c4 e6 3. Nf3 Nf6 4. g3 dxc4 5. Bg2 a6 6. O-O Nc6 7. Nc3 Rb8 8. e4 Be7 9. Qe2 b5 10. Rd1 O-O 11. d5 exd5 12. e5 d4 13. exf6 Bxf6 14. Qe4 Bb7 15. Qg4 d3 16. Ne4 Ne5 17. Nxf6+ Qxf6 18. Nxe5 Bxg2 19. Nd7 Qf3 20. Qxf3 Bxf3 21. Nxb8 Bxd1 22. Nxa6 c6 23. f4 Ra8 24. Nc5 f6 25. Bd2 Bg4 26. Kf2 Kf7 27. a3 Rd8 28. Re1 Rd5 29. Ne4 h5 30. Ke3 Bf5 31. a4 bxa4 32. Ra1 Bxe4 33. Kxe4 Rd7 34. Rxa4 Re7+ 35. Kf3 Re2 36. Bc3 1-0

[Event "FIDE WYCC Open U18 2023"]
[Site "Montesilvano"]
[Date "2023.11.23"]
[Round "10.7"]
[White "Dzida, Kamil"]
[Black "Orozbaev, Eldiar"]
[Result "1/2-1/2"]
[ECO "C07"]
[WhiteElo "2399"]
[BlackElo "2278"]
[Annotator "RC"]
[PlyCount "91"]
[EventDate "2023.11.13"]
[EventType "swiss"]
[EventCountry "ITA"]
[SourceTitle "playchess.com"]
[Source "ChessBase"]
[SourceQuality "1"]
[TimeControl "40/5400+30:1800+30"]

1. e4 e6 2. d4 d5 3. Nd2 c5 4. Ngf3 Nf6 5. exd5 Nxd5 6. Nb3 cxd4 7. Nbxd4 Bb4+ 8. Bd2 Bd6 9. Bc4 Bc7 10. O-O Nc6 11. Nb5 Bb8 12. Bg5 f6 13. Bxd5 exd5 14. Re1+ Kf7 15. Bh4 Bg4 16. h3 Bf5 17. Nfd4 Qd7 18. Qf3 Be4 19. Qb3 a6 20. Nxc6 bxc6 21. Nc3 Bf5 22. Na4 Ba7 23. Bg3 Rae8 24. Qc3 Rxe1+ 25. Rxe1 Re8 26. Rxe8 Qxe8 27. Kh2 Kg6 28. Nc5 Qe2 29. f3 Qd1 30. Bf2 h5 31. g4 hxg4 32. hxg4 Bxc2 33. Qe3 Kh7 34. Kg2 Bg6 35. b4 Qc2 36. a4 Bxc5 37. Qxc5 Qxa4 38. Kg3 Qb3 39. Bd4 Qd1 40. Bf2 Qb3 41. Bd4 Qb1 42. Qe7 Be4 43. Qe8 Bg6 44. Qe7 Be4 45. Qe8 Bxf3 46. Qh5+ 1/2-1/2

[Event "FIDE WYCC Open U18 2023"]
[Site "Montesilvano"]
[Date "2023.11.23"]
[Round "10.8"]
[White "Nguyen, Quoc Hy"]
[Black "Chyzy, Jakub"]
[Result "1-0"]
[ECO "C60"]
[WhiteElo "2392"]
[BlackElo "2286"]
[Annotator "RC"]
[PlyCount "85"]
[EventDate "2023.11.13"]
[EventType "swiss"]
[EventCountry "ITA"]
[SourceTitle "playchess.com"]
[Source "ChessBase"]
[SourceQuality "1"]
[TimeControl "40/5400+30:1800+30"]

1. e4 e5 2. Nf3 Nc6 3. Bb5 Nge7 4. Nc3 g6 5. h4 h6 6. d4 exd4 7. Nxd4 Bg7 8. Be3 a6 9. Be2 d6 10. Qd2 Be6 11. Nxe6 fxe6 12. Bg4 Qd7 13. Nd5 Nd8 14. Bd4 Nxd5 15. exd5 Qe7 16. Bxg7 Qxg7 17. dxe6 h5 18. Bh3 Qe5+ 19. Kf1 Qxb2 20. Re1 Nc6 21. e7 Nxe7 22. Be6 Kd8 23. Rh3 Qf6 24. Qb4 Rb8 25. Rf3 Nf5 26. Qa4 c6 27. Qa5+ b6 28. Qxa6 Kc7 29. Bxf5 gxf5 30. Rfe3 Rh7 31. Re8 Rb7 32. Qa8 b5 33. a4 Kb6 34. axb5 cxb5 35. Ra1 Qxh4 36. Ra6+ Kc5 37. Qc8+ Kb4 38. Kg1 Qc4 39. Qxf5 Rhe7 40. Qf3 Qc3 41. Qf4+ Qc4 42. Qxd6+ Qc5 43. c3+ 1-0

[Event "FIDE WYCC Open U18 2023"]
[Site "Montesilvano"]
[Date "2023.11.23"]
[Round "10.9"]
[White "Bai, Adelard"]
[Black "Eidelman, Gabriel"]
[Result "1/2-1/2"]
[ECO "E65"]
[WhiteElo "2384"]
[BlackElo "2284"]
[Annotator "RC"]
[PlyCount "173"]
[EventDate "2023.11.13"]
[EventType "swiss"]
[EventCountry "ITA"]
[SourceTitle "playchess.com"]
[Source "ChessBase"]
[SourceQuality "1"]
[TimeControl "40/5400+30:1800+30"]

1. d4 Nf6 2. c4 g6 3. g3 Bg7 4. Bg2 O-O 5. Nc3 d6 6. Nf3 c5 7. O-O Nc6 8. dxc5 dxc5 9. Be3 Be6 10. Qa4 Nd4 11. Bxd4 cxd4 12. Nb5 Bd7 13. Qb3 Ne4 14. Rad1 Bxb5 15. Qxb5 Nd6 16. Qa4 Qb6 17. Ne1 Qc7 18. b3 Rab8 19. Qa3 e5 20. Nd3 Rfc8 21. Qc1 Qd7 22. Nb4 Nf5 23. Nd5 Ne7 24. Qa3 Nxd5 25. Bxd5 b6 26. e3 a5 27. Rfe1 Bf8 28. Qb2 Bc5 29. exd4 Bxd4 30. Qe2 Re8 31. Qf3 Qf5 32. Qxf5 gxf5 33. Kg2 Kg7 34. f4 f6 35. Rf1 Bc5 36. Bc6 Red8 37. Bd7 exf4 38. gxf4 Rb7 39. Bxf5 Rd5 40. Rfe1 Rxd1 41. Rxd1 Re7 42. Bg4 Re4 43. Rd7+ Kg6 44. Kg3 Rd4 45. Rd5 Rxd5 46. cxd5 f5 47. Be2 Kf6 48. Kf3 Ba3 49. Bb5 Ke7 50. Bd3 Kf6 51. Bb5 Ke7 52. Bd3 Kf6 53. Ba6 h6 54. Bc8 Bd6 55. Bd7 Bc7 56. h3 Bd6 57. Ke3 Bc7 58. Bc8 Bd6 59. Kd4 Bxf4 60. Kc4 Ke5 61. Kb5 Kxd5 62. Kxb6 Bd2 63. Bxf5 Ke5 64. Bc8 Kf6 65. a3 h5 66. Kb5 h4 67. b4 axb4 68. axb4 Kg7 69. Kc5 Bxb4+ 70. Kxb4 Kh8 71. Kc5 Kg7 72. Kd6 Kh8 73. Ke5 Kg7 74. Kf4 Kh8 75. Kg5 Kg7 76. Kxh4 Kh8 77. Kg5 Kg7 78. h4 Kh8 79. h5 Kg7 80. Be6 Kh8 81. Kf6 Kh7 82. Bf7 Kh8 83. Ke7 Kg7 84. Ke8 Kh8 85. Kf8 Kh7 86. Bg6+ Kh8 87. h6 1/2-1/2

[Event "FIDE WYCC Open U18 2023"]
[Site "Montesilvano"]
[Date "2023.11.23"]
[Round "10.10"]
[White "Novosel, Lovro"]
[Black "Razafindratsima, Timothe"]
[Result "1-0"]
[ECO "E11"]
[WhiteElo "2375"]
[BlackElo "2462"]
[Annotator "RC"]
[PlyCount "117"]
[EventDate "2023.11.13"]
[EventType "swiss"]
[EventCountry "ITA"]
[SourceTitle "playchess.com"]
[Source "ChessBase"]
[SourceQuality "1"]
[TimeControl "40/5400+30:1800+30"]

1. d4 Nf6 2. Nf3 e6 3. c4 d5 4. g3 Bb4+ 5. Bd2 Be7 6. Bg2 O-O 7. O-O Nbd7 8. Qb3 Nb6 9. c5 Nc4 10. Qc2 b6 11. c6 Ne4 12. Bf4 f5 13. b3 Ncd6 14. Ne5 g5 15. Bc1 Nf7 16. Nd2 Qe8 17. Ndf3 Bf6 18. Ba3 Nfd6 19. Ne1 Nb5 20. Bb2 Bg7 21. a4 Nbd6 22. a5 Nb5 23. N1d3 Rf6 24. axb6 cxb6 25. Rfc1 Rf8 26. e3 Ned6 27. Bf1 a6 28. Ra4 Ra7 29. Rca1 Bf6 30. Ba3 Nxa3 31. R4xa3 f4 32. Bg2 Bh8 33. Qd2 Ne4 34. Qb4 fxe3 35. fxe3 Qd8 36. Rf1 Rxf1+ 37. Bxf1 g4 38. Ra1 a5 39. Qe1 Ba6 40. Rc1 Ng5 41. Bg2 Rc7 42. b4 a4 43. Qd1 a3 44. Qxg4 h5 45. Qxh5 a2 46. Ra1 Bc4 47. h4 Nf7 48. Qg6+ Bg7 49. Qxe6 Re7 50. Nxf7 Qf8 51. Nh6+ Kh8 52. Qf5 Bxd3 53. Qxd3 Bxh6 54. Rxa2 Qg8 55. Qf5 Rxe3 56. c7 Re8 57. Kh2 Rc8 58. Rc2 Be3 59. Qe5+ 1-0

[Event "FIDE WYCC Open U18 2023"]
[Site "Montesilvano"]
[Date "2023.11.23"]
[Round "10.11"]
[White "Talibov, Shiroghlan"]
[Black "Galaviz Medina, Sion Radamantys"]
[Result "1/2-1/2"]
[ECO "B97"]
[WhiteElo "2362"]
[BlackElo "2461"]
[Annotator "RC"]
[PlyCount "169"]
[EventDate "2023.11.13"]
[EventType "swiss"]
[EventCountry "ITA"]
[SourceTitle "playchess.com"]
[Source "ChessBase"]
[SourceQuality "1"]
[TimeControl "40/5400+30:1800+30"]

1. e4 c5 2. Nf3 d6 3. d4 cxd4 4. Nxd4 Nf6 5. Nc3 a6 6. Bg5 e6 7. f4 Qb6 8. Qd3 Nc6 9. Nb3 Ng4 10. Qe2 Qe3 11. Nd1 Qxe2+ 12. Bxe2 Nf6 13. Bxf6 gxf6 14. Ne3 Ke7 15. a4 Bd7 16. O-O Bg7 17. c3 Rad8 18. Rfd1 Bc8 19. Rd3 Rhg8 20. Kf2 Bh6 21. g3 Bf8 22. Rad1 Kd7 23. Nd2 Kc7 24. b4 b6 25. Bh5 Rg7 26. Bf3 Be7 27. Ndc4 Bb7 28. R3d2 Rgg8 29. Rb1 Na7 30. Nb2 Rc8 31. Nd3 b5 32. c4 Kb8 33. axb5 axb5 34. Rc1 bxc4 35. Rxc4 Nb5 36. Rdc2 Rxc4 37. Rxc4 Bd8 38. e5 fxe5 39. Bxb7 Kxb7 40. fxe5 Bb6 41. Rf4 f5 42. exd6 Nxd6 43. Nc5+ Bxc5 44. bxc5 Ne4+ 45. Kf3 Nxc5 46. Rh4 Rg7 47. g4 fxg4+ 48. Nxg4 Kc6 49. Rh6 Kd6 50. h3 Nd7 51. Rh5 Rf7+ 52. Ke3 Nb6 53. Rh6 Nd5+ 54. Ke4 Ra7 55. Kf3 Rg7 56. Rh4 Rf7+ 57. Ke4 Ra7 58. Rh6 Rb7 59. Kf3 Rb3+ 60. Kf2 Rb2+ 61. Kf3 Rb7 62. Ke4 Rf7 63. Rh4 Nc3+ 64. Kd3 Nb5 65. Rh5 Nc7 66. Ke4 Nd5 67. Rh4 Ke7 68. Rh6 Nb6 69. Ne5 Rg7 70. Nc6+ Kd7 71. Nd4 Re7 72. Nf3 Kd6 73. Ng5 Nd7 74. Kd4 Nf8 75. Ne4+ Kc7 76. Ng5 Kd7 77. Rf6 Ke8 78. h4 Rd7+ 79. Ke4 Re7 80. Kd4 e5+ 81. Ke3 Ra7 82. Rh6 Rg7 83. Ke4 Nd7 84. Kf5 Re7 85. Rxh7 1/2-1/2

[Event "FIDE WYCC Open U18 2023"]
[Site "Montesilvano"]
[Date "2023.11.23"]
[Round "10.12"]
[White "Chinguun Bayaraa"]
[Black "Davtyan, Arsen"]
[Result "*"]
[ECO "E35"]
[WhiteElo "2193"]
[BlackElo "2406"]
[Annotator "RC"]
[PlyCount "78"]
[EventDate "2023.11.13"]
[EventType "swiss"]
[EventCountry "ITA"]
[SourceTitle "playchess.com"]
[Source "ChessBase"]
[SourceQuality "1"]
[TimeControl "40/5400+30:1800+30"]

1. d4 Nf6 2. c4 e6 3. Nc3 d5 4. Bg5 Bb4 5. cxd5 exd5 6. Qc2 h6 7. Bh4 c5 8. Nf3 O-O 9. e3 c4 10. Be2 Be6 11. O-O Nbd7 12. Ne5 g5 13. Bg3 Bxc3 14. bxc3 Ne4 15. Nxd7 Qxd7 16. f3 Nxg3 17. hxg3 f5 18. Rae1 Qc7 19. g4 Qg3 20. gxf5 Bxf5 21. e4 Bg6 22. Qd2 Rf4 23. exd5 b5 24. Bd1 Bd3 25. Qf2 Qxf2+ 26. Rxf2 b4 27. g3 Rf5 28. Ba4 Rd8 29. Bc6 bxc3 30. Rc1 c2 31. Kg2 g4 32. fxg4 Be4+ 33. Kg1 Rxf2 34. Kxf2 Rb8 35. Ba4 Rb1 36. Bxc2 Rxc1 37. Bxe4 Ra1 38. d6 Rxa2+ 39. Ke3 Kf8 *

[Event "FIDE WYCC Open U18 2023"]
[Site "Montesilvano"]
[Date "2023.11.23"]
[Round "10.13"]
[White "Amilal Munkhdalai"]
[Black "Goroshkov, Maksym"]
[Result "*"]
[ECO "B04"]
[WhiteElo "2404"]
[BlackElo "2303"]
[Annotator "RC"]
[PlyCount "82"]
[EventDate "2023.11.13"]
[EventType "swiss"]
[EventCountry "ITA"]
[SourceTitle "playchess.com"]
[Source "ChessBase"]
[SourceQuality "1"]
[TimeControl "40/5400+30:1800+30"]

1. e4 Nf6 2. e5 Nd5 3. d4 d6 4. Nf3 dxe5 5. Nxe5 c6 6. Be2 Bf5 7. O-O Nd7 8. Bd3 Bxd3 9. Nxd3 e6 10. c4 N5f6 11. Nc3 Nb6 12. Ne5 Nfd7 13. Nxd7 Qxd7 14. b3 Rd8 15. Be3 Be7 16. Qg4 O-O 17. Rad1 Bb4 18. Ne2 f5 19. Qg3 e5 20. Bg5 f4 21. Qh4 f3 22. gxf3 Rde8 23. dxe5 Qf5 24. Bf4 Nd7 25. Ng3 Qf7 26. Qg4 Nc5 27. Bc1 Rxe5 28. f4 Re7 29. f5 Bc3 30. Ba3 b6 31. Qf3 Qf6 32. Bxc5 bxc5 33. Ne4 Rxe4 34. Qxe4 Qg5+ 35. Kh1 Bd4 36. Qxc6 h6 37. f4 Qg4 38. Qf3 Qh4 39. Qd5+ Kh8 40. b4 Re8 41. Qg2 Qe7 *

[Event "FIDE WYCC Open U18 2023"]
[Site "Montesilvano"]
[Date "2023.11.23"]
[Round "10.14"]
[White "Kenbeilov, Timur"]
[Black "Colbow, Collin"]
[Result "1-0"]
[ECO "E16"]
[WhiteElo "2044"]
[BlackElo "2403"]
[Annotator "RC"]
[PlyCount "111"]
[EventDate "2023.11.13"]
[EventType "swiss"]
[EventCountry "ITA"]
[SourceTitle "playchess.com"]
[Source "ChessBase"]
[SourceQuality "1"]
[TimeControl "40/5400+30:1800+30"]

1. d4 Nf6 2. c4 e6 3. g3 d5 4. Bg2 Bb4+ 5. Nd2 O-O 6. Ngf3 b6 7. O-O Bb7 8. b3 a5 9. Bb2 Nbd7 10. Ne5 a4 11. Qc2 Qe7 12. cxd5 exd5 13. Ndc4 c6 14. Ne3 a3 15. Bc3 Bxc3 16. Qxc3 Nxe5 17. dxe5 Nd7 18. f4 g6 19. Kh1 Rae8 20. Rae1 f6 21. Ng4 fxe5 22. fxe5 Nxe5 23. Rxf8+ Kxf8 24. e4 Qc5 25. Qxc5+ bxc5 26. Nf6 Re7 27. exd5 cxd5 28. Rxe5 Rxe5 29. Nd7+ Ke7 30. Nxe5 Kd6 31. Nd3 Ba6 32. Ne1 c4 33. bxc4 Bxc4 34. Nc2 Kc5 35. Kg1 Bxa2 36. Nxa3 Kb4 37. Nc2+ Kc3 38. Ne1 d4 39. Be4 Bc4 40. Kf2 d3 41. Ng2 d2 42. Ne3 Bb3 43. Ke2 Ba4 44. Nd1+ Kd4 45. Bb1 Bxd1+ 46. Kxd1 Ke3 47. Bc2 Kf3 48. Kxd2 Kg2 49. Ke3 Kxh2 50. Kf3 Kh3 51. Bd3 Kh2 52. g4 Kh3 53. g5 Kh4 54. Kf4 Kh3 55. Be2 Kg2 56. Bc4 1-0

[Event "FIDE WYCC Open U18 2023"]
[Site "Montesilvano"]
[Date "2023.11.23"]
[Round "10.15"]
[White "Silva, Pedro Gil Ferreira D"]
[Black "Pasti, Aron"]
[Result "0-1"]
[ECO "B47"]
[WhiteElo "2203"]
[BlackElo "2397"]
[Annotator "RC"]
[PlyCount "60"]
[EventDate "2023.11.13"]
[EventType "swiss"]
[EventCountry "ITA"]
[SourceTitle "playchess.com"]
[Source "ChessBase"]
[SourceQuality "1"]
[TimeControl "40/5400+30:1800+30"]

1. e4 c5 2. Nf3 e6 3. d4 cxd4 4. Nxd4 Nc6 5. Nc3 Qc7 6. g3 a6 7. Bg2 Nf6 8. O-O Bc5 9. Nb3 Ba7 10. a4 d6 11. Qe2 Ne5 12. h3 Bd7 13. Kh1 O-O 14. a5 Rac8 15. f4 Nc4 16. g4 g6 17. Bf3 d5 18. e5 d4 19. Ne4 Nxe4 20. Bxe4 Bc6 21. Bxc6 Qxc6+ 22. Qf3 Qb5 23. Qd3 Rfd8 24. Rd1 Qc6+ 25. Kh2 Ne3 26. Bxe3 dxe3 27. Qe2 Rxd1 28. Rxd1 Qxc2 29. Qxc2 Rxc2+ 30. Kg3 Rxb2 0-1

[Event "FIDE WYCC Open U18 2023"]
[Site "Montesilvano"]
[Date "2023.11.23"]
[Round "10.16"]
[White "Brnusak, Tomas"]
[Black "Ilamparthi A R"]
[Result "*"]
[ECO "B40"]
[WhiteElo "2171"]
[BlackElo "2385"]
[Annotator "RC"]
[PlyCount "52"]
[EventDate "2023.11.13"]
[EventType "swiss"]
[EventCountry "ITA"]
[SourceTitle "playchess.com"]
[Source "ChessBase"]
[SourceQuality "1"]
[TimeControl "40/5400+30:1800+30"]

1. e4 c5 2. Nf3 e6 3. g3 Nc6 4. Bg2 Nf6 5. Qe2 e5 6. c3 Be7 7. O-O O-O 8. Na3 d5 9. d3 d4 10. Nc4 Qc7 11. cxd4 cxd4 12. Bg5 b5 13. Na3 a6 14. Rac1 Bd7 15. Nh4 h6 16. Nf5 Bd8 17. Bd2 Qb6 18. Nc2 a5 19. b4 Qa6 20. f4 Re8 21. fxe5 Nxe5 22. h3 Bxf5 23. Rxf5 g6 24. Rff1 Nh5 25. Kh2 Qd6 26. Qf2 Bh4 *

[Event "FIDE WYCC Open U18 2023"]
[Site "Montesilvano"]
[Date "2023.11.23"]
[Round "10.17"]
[White "Gagic, Milan A"]
[Black "Baranciuc, Alexandr"]
[Result "0-1"]
[ECO "C01"]
[WhiteElo "2164"]
[BlackElo "2338"]
[Annotator "RC"]
[PlyCount "190"]
[EventDate "2023.11.13"]
[EventType "swiss"]
[EventCountry "ITA"]
[SourceTitle "playchess.com"]
[Source "ChessBase"]
[SourceQuality "1"]
[TimeControl "40/5400+30:1800+30"]

1. e4 e6 2. d4 d5 3. exd5 exd5 4. c4 Nf6 5. Nc3 Bb4 6. Bd3 O-O 7. Nf3 Qe7+ 8. Be3 dxc4 9. Bxc4 Ng4 10. O-O Nxe3 11. fxe3 Be6 12. Bxe6 Qxe6 13. Qd3 Qe7 14. Qd1 Qe6 15. Qd3 h6 16. e4 c6 17. Kh1 Nd7 18. d5 Qe7 19. dxc6 bxc6 20. Rac1 Rac8 21. Qc4 Bd6 22. Rcd1 Bb8 23. g3 Nf6 24. Rfe1 Ng4 25. Kg2 h5 26. b3 Rfe8 27. Rd2 Qc7 28. Rde2 Re6 29. Qc5 Ne5 30. Nxe5 Rxe5 31. Qc4 h4 32. Rf1 hxg3 33. hxg3 Rg5 34. e5 Re8 35. Qd4 Rgxe5 36. Rxe5 Rxe5 37. Rf3 Rg5 38. Qe3 Re5 39. Qd4 c5 40. Qd3 Qe7 41. Kf2 Bc7 42. Nd5 Qd6 43. Nxc7 Qxc7 44. Re3 g6 45. Rxe5 Qxe5 46. Qd8+ Kg7 47. Qa5 Qf6+ 48. Kg2 Qc6+ 49. Kh2 Qb6 50. Qc3+ f6 51. Qd2 f5 52. Qc3+ Kf7 53. Qc4+ Ke7 54. Qh4+ Kd6 55. Qf4+ Kd7 56. Qc4 Kd6 57. Qf4+ Kc6 58. Qc4 Kb7 59. Qf7+ Ka6 60. Qd7 Qf6 61. Qd3+ Kb6 62. a4 a6 63. Qe3 g5 64. Qd3 f4 65. Qd5 fxg3+ 66. Kxg3 Qf4+ 67. Kg2 g4 68. Qe6+ Ka5 69. Qe1+ Qb4 70. Qe3 Qb7+ 71. Kg1 Qc6 72. Qd2+ Kb6 73. Qf4 Qe6 74. Qd2 Qf6 75. Qe2 Qd4+ 76. Kg2 Qd5+ 77. Kg1 Qxb3 78. Qxg4 Ka5 79. Qc8 Qb6 80. Qd7 c4+ 81. Kf1 Kb4 82. Ke2 Ka3 83. Kd2 Qb4+ 84. Kc1 Qc3+ 85. Kd1 Qb3+ 86. Ke2 Kb2 87. Qg7+ c3 88. Qf6 Qxa4 89. Kd3 Qb5+ 90. Ke3 a5 91. Qg7 a4 92. Qg2+ c2 93. Qg7+ Kb1 94. Qg6 a3 95. Kd2 Qb4+ 0-1